Match 41780346
Unlisted

Match 41780346
End
Kettenkrad Recon Vehicle
Construct Infanterie Kompanie
Selects Luftwaffe Battlegroup
Selects Luftwaffe Pioneer Support
Fallschirmpioneer Squad Paradrop
Fallschirmpioneer Squad Paradrop
Infanterie Officer Quarters
Fallschirmpioneer Squad Paradrop
Selects Stuka Strafing Run
Stuka Strafing Run
Construct Luftwaffe Kompanie
Selects Fallschirmjäger Squad Paradrop
Jäger Squad
Support Elements
Selects Flak 38 Anti-Air Emplacement
Fallschirmpioneer Squad Paradrop
Construct Panzer Kompanie
Kettenkrad Recon Vehicle
Stuka Strafing Run
Panzer IV Medium Tank
Side Skirts
Selects Stuka Loiter
Stuka Loiter
Fallschirmpioneer Squad Paradrop
Stuka Loiter
Fallschirmjäger Squad Paradrop
Panzer IV Medium Tank
Panzer IV Medium Tank
Stuka Strafing Run
Kettenkrad Recon Vehicle
Marder III M Tank Destroyer
JP
alphaelf
KillandGrill
Mael Radec
XYZ
Henerius
irunfast2
bEZy
0
0

Comments sign in to comment!

No comments posted yet!